 Dungeon Crawl Stone Soup version 0.29.1-13-g9f3cf754e1 (webtiles) character file.

Game seed: 14386136331041362581

412 leafyfresh the Ducker (level 7, -2/45 HPs)
             Began as a Djinni Ice Elementalist on Feb 3, 2023.
             Was an Initiate of Makhleb.
             Killed by their own static electricity (3 damage)
             ... on level 8 of the Dungeon.
             The game lasted 00:12:50 (8511 turns).

leafyfresh the Ducker (Djinni Ice Elementalist)     Turns: 8511, Time: 00:12:51

Health: -2/45      AC:  9    Str:  7    XL:     7   Next: 14%
Gold:   178        EV: 14    Int: 18    God:    Makhleb [......] SH:  0 Dex: 14

rFire   + + +      SeeInvis .   f - +0 dagger
rCold   x . .      Faith    .   (no shield)
rNeg    . . .      Spirit   .   a - +0 robe
rPois   ∞          Reflect  .   (no helmet)
rElec   .          Harm     .   i - +0 cloak
rCorr   +          Rampage  .   (no gloves)
Will    .....                   (boots unavailable)
Stlth   ++........              (no amulet)
HPRegen 0.15/turn               h - ring of protection from fire
MPRegen 0.00/turn               o - ring of resist corrosion

@: ice-armoured, flying
A: sickness immunity, fire resistance 2, cold vulnerability 1, float, innate
caster, HP casting, extra vitality 1
a: Renounce Religion


You were on level 8 of the Dungeon.
You worshipped Makhleb.
Makhleb was noncommittal.
You visited 2 branches of the dungeon, and saw 8 of its levels.

You collected 190 gold pieces.
You spent 12 gold pieces at shops.

Inventory:

Hand Weapons
 f - a +0 dagger (weapon)
Armour
 a - a +0 robe (worn)
 i - a +0 cloak (worn)
Jewellery
 h - a ring of protection from fire (left hand)
 o - a ring of resist corrosion (right hand)
 q - a ring of resist corrosion
Scrolls
 c - 4 scrolls of identify
 d - 2 scrolls of immolation
 j - a scroll of vulnerability
 r - a scroll of torment {unknown}
 t - a scroll of noise {unknown}
 u - a scroll of amnesia {unknown}
 v - 2 scrolls of acquirement {unknown}
 y - a scroll of brand weapon {unknown}
 A - a scroll of fear {unknown}
Potions
 b - a potion of might {unknown}
 g - a potion of invisibility {unknown}
 k - 3 potions of mutation {unknown}
 l - a potion of lignification {unknown}
 m - a potion of berserk rage {unknown}
 n - a potion of magic {unknown}
 p - a potion of resistance {unknown}
 s - 2 potions of flight {unknown}
 w - a potion of cancellation {unknown}
 x - a potion of curing
 z - a potion of heal wounds {unknown}


   Skills:
 + Level 5.3 Dodging
 - Level 2.9 Stealth
 + Level 4.7 Spellcasting


You couldn't memorise any spells.
You knew the following spells:

 Your Spells              Type           Power      Damage    Failure   Level
a - Freeze                Ice            84%        1d10      1%          1
b - Frozen Ramparts       Ice            42%        1d7       6%          3
c - Ozocubu's Armour      Ice            21%        N/A       6%          3
d - Hailstorm             Conj/Ice       21%        3d6       21%         4
e - Foxfire               Conj/Fire      84%        2x1d8     1%          1
f - Call Imp              Summ           21%        N/A       3%          2
g - Static Discharge      Conj/Air       21%        3-6/arc   3%          2
Your spell library was empty.

Dungeon Overview and Level Annotations

Branches:
Dungeon (6/15)             Temple (1/1) D:6

Altars:
Ashenzari
Cheibriados
Dithmenos
Elyvilon
Fedhas
Gozag
Hepliaklqana
Makhleb
Nemelex Xobeh
Okawaru
Qazlal
Ru
Trog
Uskayaw
Yredelemnul
Zin
The Shining One

Shops:
D:2 (   D:4 *(


Innate Abilities, Weirdness & Mutations

You are immune to sickness and miasma.
You are immune to poison.
Your flesh is very heat resistant. (rF++)
You are vulnerable to cold. (rC-)
You float through the air rather than walking.
You learn spells naturally, not from books.
Your magical power is your life essence.
You have superior vitality. (+4 MHP)


Message History

Casting: Foxfire (safe; 1% risk of failure)
Confirm with . or Enter, or press ? or * to list all spells.
Okay, then.
Casting: Foxfire (safe; 1% risk of failure)
Confirm with . or Enter, or press ? or * to list all spells.
A film of ice covers your body! The wight hits you with a +3 spear!
Casting: Ozocubu's Armour (dangerous; 6% risk of failure)
Confirm with . or Enter, or press ? or * to list all spells.
Okay, then.
Casting: Ozocubu's Armour (dangerous; 6% risk of failure)
Confirm with . or Enter, or press ? or * to list all spells.
Really attack your foxfire?
Your foxfire is struck by an arc of lightning.
Your foxfire is moderately damaged.
You are struck by an arc of lightning.
* * * LOW HITPOINT WARNING * * *
Your foxfire is struck by an arc of lightning.
Your foxfire is heavily damaged.
You are struck by an arc of lightning.
* * * LOW HITPOINT WARNING * * *
The lightning grounds out.
The wight is struck by an arc of lightning!
The wight is heavily damaged.
You are struck by an arc of lightning.
* * * LOW HITPOINT WARNING * * *
The lightning grounds out.
* * * LOW HITPOINT WARNING * * *
The wight hits you with a +3 spear.
* * * LOW HITPOINT WARNING * * *
Unknown command.
Unknown command.
Unknown command.
Unknown command.
Casting: Static Discharge (safe; 3% risk of failure)
Confirm with . or Enter, or press ? or * to list all spells.
Really attack your foxfire?
Your foxfire is struck by an arc of lightning!
Your foxfire is heavily damaged.
You are struck by an arc of lightning.
You die...

# # # # ######
.....###################
...............v@z...[.#
...........###########.#
................># .#
#..........#####.# .#
#.##.......# .#
#.##.......# .#
..##.###.### z# #.##.#
#.# .# ##.# #.#


You could see a wight (ally target).

Vanquished Creatures
  A necrophage (D:6)
  A scorpion (D:4)
  2 hounds
  An iguana (D:4)
  An orc wizard (D:6)
  6 adders
  5 worms
  4 dart slugs
  15 orcs
  10 ball pythons
  An endoplasm (D:1)
  3 giant cockroaches (D:1)
  14 goblins
  7 hobgoblins
  3 jackals (D:2)
  4 kobolds
  2 quokkas
  4 bats
  A frilled lizard (D:2)
  4 rats
89 creatures vanquished.

Vanquished Creatures (collateral kills)
  A shadow imp (D:6)
1 creature vanquished.

Vanquished Creatures (others)
  7 foxfires
  2 plants (D:4)
9 creatures vanquished.

Grand Total: 99 creatures vanquished

Notes
Turn   | Place    | Note
-------+----------+-------------------------------------------
     0 | D:1      | leafyfresh the Djinni Ice Elementalist began the quest for
                  | the Orb.
     0 | D:1      | leafyfresh set off with the following spells memorised:
                  | Freeze, Frozen Ramparts, Ozocubu's Armour, Hailstorm.
     0 | D:1      | Reached XP level 1. HP: 15/15 MP: 0/0
   315 | D:1      | Reached XP level 2. HP: 19/21 MP: 0/0
   798 | D:1      | Found a faded altar of an unknown god.
  1431 | D:2      | Reached XP level 3. HP: 13/25 MP: 0/0
  1431 | D:2      | Learned a level 1 spell: Foxfire
  1823 | D:2      | Reached skill level 3 in Dodging
  2244 | D:2      | Found Qaorghu's Weapon Shoppe.
  2299 | D:2      | Reached XP level 4. HP: 28/31 MP: 0/0
  3519 | D:3      | Reached XP level 5. HP: 24/35 MP: 0/0
  3519 | D:3      | Learned a level 2 spell: Call Imp
  4022 | D:3      | Found a hide-covered altar of Uskayaw.
  4429 | D:3      | Found a sparkling altar of Nemelex Xobeh.
  4587 | D:4      | Found Qeishro's CLEARANCE SALE!.
  4591 | D:4      | Bought a scroll of identify for 12 gold pieces
  5552 | D:4      | Found an iron altar of Okawaru.
  5557 | D:4      | Reached skill level 4 in Dodging
  5610 | D:4      | Found a snail-covered altar of Cheibriados.
  5751 | D:4      | Found Bengeb's Weapon Shoppe.
  6181 | D:5      | Entered Level 5 of the Dungeon
  6234 | D:5      | Reached XP level 6. HP: 35/40 MP: 0/0
  8072 | D:6      | Found a staircase to the Ecumenical Temple.
  8114 | Temple   | Entered the Ecumenical Temple
  8222 | Temple   | Became a worshipper of Makhleb the Destroyer
  8270 | D:6      | Reached skill level 5 in Dodging
  8270 | D:6      | Reached XP level 7. HP: 35/45 MP: 0/0
  8270 | D:6      | Learned a level 2 spell: Static Discharge
  8451 | D:6      | You are sucked into a shaft and drop 2 floors!
  8511 | D:8      | Killed from afar by themself

Illustrated notes

Levels and vault maps discovered:
D:1:      minmay_arrival_split_and_join, layout_basic,
          ebering_ecumenical_altar_mist
D:2:      minmay_inner_zag, layout_loops_corners, serial_shops,
          nicolae_shop_bloodbath_and_beyond
D:3:      layout_loops_ring, nemelex_spade_bored_becter,
          lemuel_coloured_pillars_altar
D:4:      layout_basic, nicolae_sif_muna_condensation,
          nicolae_kikubaaqudgha_miasma_corner, nicolae_overflow_squiral,
          serial_shops, nicolae_lakefront_shop, chequers_big_river,
          chequers_serial_rivers_large_a, nicolae_shop_clearance
D:5:      layout_rooms
D:6:      layout_gridville, minmay_temple_entry_junction_2
D:8:      layout_basic, xom_confusion_cloud, lemuel_crystal_altar, serial_shops,
          nicolae_shop_overgrown_old_shop
Temple:   eino_temple_water

Skill      XL: |  1  2  3  4  5  6 |
---------------+-------------------+-----
Stealth        | 2 |  2.9
Dodging        | 3 4 5 |  5.3
Spellcasting   | 4 |  4.7

Action                   |  1- 3 |  4- 6 |  7- 9 || total
-------------------------+-------+-------+-------++-------
Melee: Unarmed           |    16 |       |       ||    16
       Dagger            |    63 |   154 |     4 ||   221
       Punch             |       |     2 |       ||     2
 Cast: Freeze            |    21 |    18 |     1 ||    40
       Frozen Ramparts   |     2 |    27 |     2 ||    31
       Ozocubu's Armour  |       |     6 |     3 ||     9
       Foxfire           |       |     3 |     1 ||     4
       Hailstorm         |       |     2 |       ||     2
       Static Discharge  |       |       |     2 ||     2
       Call Imp          |       |       |     1 ||     1
  Use: Scroll            |       |     7 |       ||     7
 Stab: Sleeping          |     6 |     4 |       ||    10
Armor: Robe              |    21 |    24 |     1 ||    46
Dodge: Dodged            |    75 |   120 |     7 ||   202
